 Dungeon Crawl Stone Soup version 0.21-a0-176-gb3d4b37 (webtiles) character file.

59 rin1221 the Magician (level 3, -2/19 HPs)
             Began as a Deep Elf Ice Elementalist on Aug 9, 2017.
             Killed from afar by an orc wizard (10 damage)
             ... with a puff of frost
             ... on level 3 of the Dungeon.
             The game lasted 00:05:25 (2468 turns).

rin1221 the Magician (Deep Elf Ice Elementalist)    Turns: 2468, Time: 00:05:27

Health: -2/19      AC:  2    Str:  6    XL:     3   Next: 78%
Magic:  7/10       EV: 13    Int: 19    God:
Gold:   181        SH:  0    Dex: 15    Spells: 4/10 levels left

rFire    . . .     SeeInvis .   e - +0 dagger
rCold    . . .     Gourm    .   (no shield)
rNeg     . . .     Faith    .   a - +0 robe
rPois    .         Spirit   .   (no helmet)
rElec    .         Reflect  .   (no cloak)
rCorr    .         Harm     .   (no gloves)
MR       .....                  (no boots)
Stlth    ++........             (no amulet)
HPRegen  0.06/turn              (no ring)
MPRegen  0.12/turn              (no ring)

@: very slightly contaminated
A: no striking features
a: no special abilities


You were on level 3 of the Dungeon.
You were not hungry.

You visited 1 branch of the dungeon, and saw 3 of its levels.

You collected 181 gold pieces.

Inventory:

Hand Weapons
 e - a +0 dagger (weapon)
Missiles
 h - 39 stones (quivered)
 i - 28 arrows
Armour
 a - a +0 robe (worn)
Jewellery
 k - an uncursed ring of positive energy {unknown}
Scrolls
 g - a scroll of identify {unknown}
 j - a scroll of remove curse
 l - a scroll of teleportation {unknown}
 o - a scroll of enchant armour {unknown}
 p - a scroll of magic mapping {unknown}
 q - a scroll of fog {unknown}
Potions
 f - 4 potions of might {unknown}
 m - a potion of curing {unknown}
Books
 b - a book of Frost

   Spells                             Type                      Level
   a - Freeze                         Ice                          1
   b - Throw Frost                    Conjuration/Ice              2
   c - Ozocubu's Armour               Charms/Ice                   3
   d - Throw Icicle                   Conjuration/Ice              4
   e - Summon Ice Beast               Ice/Summoning                4
Comestibles
 c - 2 bread rations
 d - 7 fruits


   Skills:
 * Level 3.0 Dodging
 - Level 2.5 Stealth
 * Level 4.3 Spellcasting
 + Level 2.0 Conjurations
 + Level 0.0 Charms
 + Level 3.7 Ice Magic


You had 4 spell levels left.
You knew the following spells:

 Your Spells              Type           Power        Failure   Level  Hunger
a - Freeze                Ice            ###.         3%          1    None
b - Throw Frost           Conj/Ice       ###...       6%          2    #......
c - Ozocubu's Armour      Chrm/Ice       ##......     19%         3    ###....


Dungeon Overview and Level Annotations

Branches:
Dungeon (3/15)

Altars:
Qazlal


Message History

A magic dart appears from out of thin air!
The magic dart hits you!
You see here a rat skeleton.
You hear some strange, mumbled words.
Something hits you.
Casting: Freeze
Confirm with . or Enter, or press ? or * to list all spells.
Okay, then.
Casting: Freeze
Confirm with . or Enter, or press ? or * to list all spells.
Aiming: Freeze
Press: ? - help, Shift-Dir - straight line You miscast Freeze.
You are very lightly contaminated with residual magic.
Frost covers your body.
You hear some strange, mumbled words.
A puff of frost appears from out of thin air!
The puff of frost hits you!
Ouch! That really hurt!
You die...

. #.. .oo.#
.o.<..########
#....)...# #.######{#
.. #@# ## #.# #.# . #
#÷# #. #.# #.#### #.#
....# ##.## ##..#
####...###########...#
+....>..†...<.........
##.......#########...#


There were no monsters in sight!

Vanquished Creatures
  An adder (D:3)
  A worm (D:2)
  3 dart slugs (D:1)
  An orc (D:3)
  2 ball pythons (D:2)
  7 bats
  3 giant cockroaches
  4 goblins
  3 hobgoblins
  2 kobolds (D:1)
  3 frilled lizards
  13 rats
43 creatures vanquished.

Notes
Turn   | Place    | Note
-------+----------+-------------------------------------------
     0 | D:1      | rin1221 the Deep Elf Ice Elementalist began the quest for the Orb.
     0 | D:1      | Reached XP level 1. HP: 10/10 MP: 6/6
   692 | D:1      | Reached XP level 2. HP: 8/15 MP: 2/8
   696 | D:1      | Learned a level 2 spell: Throw Frost
  1228 | D:1      | Reached skill level 4 in Spellcasting
  1499 | D:1      | Reached XP level 3. HP: 19/19 MP: 8/10
  1504 | D:1      | Learned a level 3 spell: Ozocubu's Armour
  1958 | D:2      | Found a stormy altar of Qazlal.
  2468 | D:3      | Killed from afar by an orc wizard

Vault maps used:
D:1:      lemuel_arrival_river_bridge, minmay_misc_feat_secret_circle
D:2:      first_bread, minmay_misc_feat_rugged, nicolae_qazlal_eye_of_the_storm
D:3:      marbit_many_paths, chequers_ecumenical_altar_island, uniq_grinder

Skill      XL: |  1  2  3 |
---------------+----------+-----
Spellcasting   | 4 |  4.3
Conjurations   | 2 |  2.0
Dodging        | 3 |  3.0
Stealth        | |  2.5
Ice Magic      | |  3.7

Action                   || total
-------------------------++-------
Melee: Dagger            ||    35
 Cast: Freeze            ||    66
  Use: Scroll            ||     1
 Stab: Sleeping          ||     1
  Eat: Chunk             ||     5
Armor: Robe              ||    10
Dodge: Dodged            ||    58
